Map: Kairos Junction LE

Players

llIllllIllll - Winner!

  • Race: Protoss Protoss
  • League: Master
  • Spawn Location: 11:00

iNcontroL

  • Race: Protoss Protoss
  • League: Master
  • Spawn Location: 5:00

VOD

Have the link to the VOD?

Description

Time

  • Played on: Jan. 2, 2019, 12:42 p.m.
  • Length: 5:40
Show
View Real Time Build Order
Export as new Build Order

llIllllIllll Protoss - Winner!

Build Orders: 1 Gate Expand 

Get SALT Encoding   

  12  0:01  Probe  
  13  0:13  Probe  
  14  0:25  Probe  
  14  0:27  Pylon  
  15  0:45  Probe  
  15  0:49  Gateway  
  16  0:58  Probe  
  17  1:13  Nexus  
  17  1:17  Probe  
  18  1:32  Pylon  
  18  1:38  Zealot  
  18  1:41  Cybernetics Core  
  20  1:48  Pylon  
  20  1:58  Zealot  
  20  2:04  Pylon  
  22  2:17  Shield Battery  
  22  2:18  Shield Battery  
  22  2:20  Shield Battery  
  22  2:28  Shield Battery  
  21  2:40  Probe  
  22  2:52  Zealot, Forge  
  22  2:57  Shield Battery  
  22  3:08  Shield Battery  
  22  3:18  Shield Battery  
  20  3:21  Probe  
  20  3:33  Probe  
  21  3:39  Pylon  
  21  3:40  Photon Cannon  
  20  3:45  Probe  
  20  3:48  Shield Battery  
  21  3:50  Shield Battery  
  21  3:51  Pylon  
  21  4:00  Photon Cannon  
  20  4:09  Probe  
  20  4:21  Probe  
  21  4:25  Photon Cannon  
  20  4:33  Probe  
  21  4:40  Photon Cannon  
Show
View Real Time Build Order
Export as new Build Order

iNcontroL Protoss 

Build Orders:  

Get SALT Encoding   

  12  0:00  Probe  
  13  0:13  Probe  
  14  0:20  Pylon  
  14  0:25  Probe  
  15  0:39  Gateway  
  15  0:42  Probe  
  16  0:50  Probe  
  16  0:51  Assimilator  
  17  0:59  Probe, Assimilator  
  18  1:11  Probe  
  19  1:18  Zealot  
  19  1:23  Probe  
  19  1:25  Assimilator  
  20  1:29  Assimilator  
  22  1:40  Cybernetics Core  
  22  1:58  Zealot  
  22  2:12  Pylon  
  18  2:54  Stalker  
  14  3:07  Probe  
  14  3:32  Stalker  
  14  3:45  Probe  
  17  4:02  Stalker  
  15  4:25  Probe  
Tags
 
Add a new tag
Caveats
  • Supply blocks, unpowered buildings, or Contaminate may cause inaccurate times.
  • Supply counts are checked every 10 seconds.